HBL
BROOKLYN CYCLONES @ OCEAN CITY BLUE CRABS
06/29/1997
 
TOP OF THE 1ST
Brooklyn Cyclones batting - Pitching for Ocean City Blue Crabs : RHP Ariel Prieto
Pitching: RHP Ariel Prieto
Batting: RHB Onix Concepcion 0-0: Ball
1-0: Ground out 6-3 (Groundball, 6, EV 90.6 MPH)
Batting: LHB Ray Giannelli 0-0: Foul Ball, location: 2F
0-1: Ball
1-1: Ball
2-1: Swinging Strike
2-2: Ground out 4-3 (Groundball, 34D, EV 98.1 MPH)
Batting: RHB Jed Hansen 0-0: Ball
1-0: Called Strike
1-1: Ground out 4-3 (Groundball, 4, EV 86.3 MPH)
Top of the 1st over - 0 runs, 0 hits, 0 errors, 0 left on base; Brooklyn 0 - Ocean City 0
BOTTOM OF THE 1ST
Ocean City Blue Crabs batting - Pitching for Brooklyn Cyclones : RHP Brian Barber
Pitching: RHP Brian Barber
Batting: RHB Jarvis Brown 0-0: Called Strike
0-1: Ball
1-1: Foul Ball, location: 2F
1-2: Fly out, F3 (Popup, 34, EV 63.8 MPH)
Batting: RHB Pat F. Kelly 0-0: Ball
1-0: Called Strike
1-1: Foul Ball, location: 2F
1-2: Foul Ball, location: 2F
1-2: Ball
2-2: Fly out, F9 (Flyball, 89M, EV 87.5 MPH)
Batting: SHB Junior Felix 0-0: Called Strike
0-1: Ball
1-1: Ball
2-1: Ball
3-1: Base on Balls
Batting: LHB Don Mattingly 0-0: Called Strike
Junior Felix steals 2nd base
0-1: Ball
1-1: Foul Ball, location: 2F
1-2: Foul Ball, location: 2F
1-2: Fly out, F9 (Flyball, 9LSF, EV 96.9 MPH)
Bottom of the 1st over - 0 runs, 0 hits, 0 errors, 1 left on base; Brooklyn 0 - Ocean City 0
TOP OF THE 2ND
Brooklyn Cyclones batting - Pitching for Ocean City Blue Crabs : RHP Ariel Prieto
Batting: SHB Turner Ward 0-0: Called Strike
0-1: SINGLE (Groundball, 34D, EV 109.4 MPH)
Batting: LHB Greg Blosser 0-0: Foul Ball, location: 2F
0-1: Called Strike
0-2: Ball
1-2: SINGLE (Line Drive, 78S, EV 93.1 MPH)
Turner Ward to second
Batting: RHB Brent Cookson 0-0: Foul Ball, location: 2F
0-1: Foul Ball, location: 2F
0-2: Foul Ball, location: 2F
0-2: Ball
1-2: Fly out, F8 (Flyball, 89M, EV 79.4 MPH)
Batting: RHB Pedro Castellano 0-0: Called Strike
0-1: Swinging Strike
0-2: Ball
1-2: Grounds into double play, 6-4-3 (Groundball, 6, EV 104.4 MPH)
Top of the 2nd over - 0 runs, 2 hits, 0 errors, 1 left on base; Brooklyn 0 - Ocean City 0
BOTTOM OF THE 2ND
Ocean City Blue Crabs batting - Pitching for Brooklyn Cyclones : RHP Brian Barber
Batting: LHB Curtis Pride 0-0: Fly out, F7 (Flyball, 78D, EV 101.9 MPH)
Batting: RHB Scott Leius 0-0: Ball
1-0: Called Strike
1-1: Ball
2-1: Foul Ball, location: 2F
2-2: Foul Ball, location: 2F
2-2: Fly out, F7 (Line Drive, 7, EV 104.4 MPH)
Batting: RHB Einar Diaz 0-0: Swinging Strike
0-1: Called Strike
0-2: Ball
1-2: Fly out, F8 (Line Drive, 8LD, EV 103.1 MPH)
Bottom of the 2nd over - 0 runs, 0 hits, 0 errors, 0 left on base; Brooklyn 0 - Ocean City 0
TOP OF THE 3RD
Brooklyn Cyclones batting - Pitching for Ocean City Blue Crabs : RHP Ariel Prieto
Batting: RHB Mike R. Fitzgerald 0-0: Called Strike
0-1: Fly out, F8 (Flyball, 89D, EV 100.0 MPH)
Batting: RHB Alan Cockrell 0-0: Fly out, F5 (Popup, 5SF, EV 70.0 MPH)
Batting: RHB Onix Concepcion 0-0: Foul Ball, location: 2F
0-1: Ball
1-1: Swinging Strike
1-2: Ball
2-2: Ground out 6-3 (Groundball, 6, EV 81.9 MPH)
Top of the 3rd over - 0 runs, 0 hits, 0 errors, 0 left on base; Brooklyn 0 - Ocean City 0
BOTTOM OF THE 3RD
Ocean City Blue Crabs batting - Pitching for Brooklyn Cyclones : RHP Brian Barber
Batting: LHB Pedro Valdes 0-0: Ball
1-0: Ball
2-0: Called Strike
2-1: Ball
3-1: SINGLE (Groundball, 34D, EV 100.0 MPH)
Batting: RHB Manny Alexander 0-0: Called Strike
Pedro Valdes steals 2nd base (no throw)
0-1: Fly out, F1 (Line Drive, P, EV 67.5 MPH)
Batting: RHB Jarvis Brown 0-0: Called Strike
0-1: Ball
1-1: Ground out 5-3 (Groundball, 56, EV 88.1 MPH)
Batting: RHB Pat F. Kelly 0-0: Ball
Passed Ball!
Pedro Valdes to third
1-0: Called Strike
1-1: SINGLE (Flyball, 8LS, EV 86.9 MPH)
Pedro Valdes scores
Batting: SHB Junior Felix 0-0: Foul Ball, location: 2F
0-1: Ball
1-1: Swinging Strike
1-2: Ball
2-2: Ground out 4-3 (Groundball, 34, EV 81.9 MPH)
Bottom of the 3rd over - 1 run, 2 hits, 0 errors, 1 left on base; Brooklyn 0 - Ocean City 1
TOP OF THE 4TH
Brooklyn Cyclones batting - Pitching for Ocean City Blue Crabs : RHP Ariel Prieto
Batting: LHB Ray Giannelli 0-0: Foul Ball, location: 2F
0-1: Ball
1-1: Ball
2-1: Foul Ball, location: 2F
2-2: Ball
3-2: Ground out U3 (Groundball, 3, EV 86.9 MPH)
Batting: RHB Jed Hansen 0-0: Ball
1-0: Called Strike
1-1: Foul Ball, location: 2F
1-2: Ball
2-2: Fly out, F7 (Flyball, 78M, EV 89.4 MPH)
Batting: SHB Turner Ward 0-0: Ball
1-0: Called Strike
1-1: SINGLE (Flyball, 7S, EV 86.9 MPH)
Batting: LHB Greg Blosser 0-0: Called Strike
0-1: Ball
1-1: Swinging Strike
1-2: Strikes out swinging
Top of the 4th over - 0 runs, 1 hit, 0 errors, 1 left on base; Brooklyn 0 - Ocean City 1
BOTTOM OF THE 4TH
Ocean City Blue Crabs batting - Pitching for Brooklyn Cyclones : RHP Brian Barber
Batting: LHB Don Mattingly 0-0: Ball
1-0: Foul Ball, location: 2F
1-1: Swinging Strike
1-2: SINGLE (Line Drive, 56D, EV 95.6 MPH)
Batting: LHB Curtis Pride 0-0: Ball
1-0: Foul Ball, location: 2F
1-1: Ball
2-1: Foul Ball, location: 2F
2-2: Ball
3-2: Foul Ball, location: 2RF, Error on foul ball, E2
3-2: Fly out, F7 (Line Drive, 7, EV 85.6 MPH)
Batting: RHB Scott Leius 0-0: Foul Ball, location: 2F
0-1: Called Strike
0-2: SINGLE (Flyball, 78M, EV 84.4 MPH)
Don Mattingly to second
Batting: RHB Einar Diaz 0-0: Ball
1-0: Ball
2-0: Ball
3-0: Base on Balls
Don Mattingly to third
Scott Leius to second
Batting: LHB Pedro Valdes 0-0: Ball
1-0: TRIPLE (Flyball, 89XD, EV 112.5 MPH)
Don Mattingly scores
Scott Leius scores
Einar Diaz scores
Pitching: RHP Todd Erdos
Batting: RHB Manny Alexander 0-0: Ball
1-0: Called Strike
1-1: Ball
2-1: Foul Ball, location: 2F
2-2: Foul Ball, location: 2F
2-2: Ground out 4-3 (Groundball, 4, EV 110.0 MPH)
Pedro Valdes scores
Batting: RHB Jarvis Brown 0-0: Called Strike
0-1: Fly out, F8 (Flyball, 78M, EV 97.5 MPH)
Bottom of the 4th over - 4 runs, 3 hits, 1 error, 0 left on base; Brooklyn 0 - Ocean City 5
TOP OF THE 5TH
Brooklyn Cyclones batting - Pitching for Ocean City Blue Crabs : RHP Ariel Prieto
Batting: RHB Brent Cookson 0-0: Fly out, F7 (Line Drive, 7, EV 108.1 MPH)
Batting: RHB Pedro Castellano 0-0: Called Strike
0-1: SOLO HOME RUN (Flyball, 7D, EV 88.1 MPH), Distance : 368 ft
Batting: RHB Mike R. Fitzgerald 0-0: Called Strike
0-1: Ball
1-1: Ball
2-1: Swinging Strike
2-2: Strikes out looking
Batting: RHB Alan Cockrell 0-0: Foul Ball, location: 2F
0-1: Called Strike
0-2: Ball
1-2: Ball
2-2: Foul Ball, location: 2F
2-2: Foul Ball, location: 2F
2-2: Ball
3-2: Strikes out looking
Top of the 5th over - 1 run, 1 hit, 0 errors, 0 left on base; Brooklyn 1 - Ocean City 5
BOTTOM OF THE 5TH
Ocean City Blue Crabs batting - Pitching for Brooklyn Cyclones : RHP Todd Erdos
Batting: RHB Pat F. Kelly 0-0: Called Strike
0-1: Ball
1-1: Foul Ball, location: 2F
1-2: DOUBLE (Line Drive, 78D, EV 109.4 MPH)
Batting: SHB Junior Felix 0-0: Foul Ball, location: 2F
0-1: Ball
1-1: Foul Ball, location: 2F
1-2: Ball
2-2: Ball
3-2: Strikes out swinging
Batting: LHB Don Mattingly 0-0: Called Strike
0-1: Ball
1-1: Ball
Pat F. Kelly is caught stealing 3rd base 2-5
2-1: Foul Ball, location: 2F
2-2: Fly out, F6 (Flyball, 56D, EV 88.1 MPH)
Bottom of the 5th over - 0 runs, 1 hit, 0 errors, 0 left on base; Brooklyn 1 - Ocean City 5
TOP OF THE 6TH
Brooklyn Cyclones batting - Pitching for Ocean City Blue Crabs : RHP Ariel Prieto
Batting: RHB Onix Concepcion 0-0: Fly out, F8 (Flyball, 8RD, EV 89.4 MPH)
Batting: LHB Ray Giannelli 0-0: Ball
1-0: SINGLE (Groundball, 34D, EV 106.9 MPH)
Batting: RHB Jed Hansen 0-0: Ball
1-0: Ball
2-0: Ball
3-0: Called Strike
3-1: Fly out, F7 (Flyball, 78S, EV 89.4 MPH)
Batting: SHB Turner Ward 0-0: Called Strike
0-1: Foul Ball, location: 2F
0-2: Ball
1-2: Strikes out looking
Top of the 6th over - 0 runs, 1 hit, 0 errors, 1 left on base; Brooklyn 1 - Ocean City 5
BOTTOM OF THE 6TH
Ocean City Blue Crabs batting - Pitching for Brooklyn Cyclones : RHP Todd Erdos
Batting: LHB Curtis Pride 0-0: Called Strike
0-1: Ball
1-1: Swinging Strike
1-2: Ball
2-2: Ball
3-2: Strikes out looking
Batting: RHB Scott Leius 0-0: Ground out 6-3 (Groundball, 6, EV 83.1 MPH)
Batting: RHB Einar Diaz 0-0: Swinging Strike
0-1: Foul Ball, location: 2F
0-2: Ball
1-2: Foul Ball, location: 2F
1-2: SINGLE (Line Drive, 9S, EV 109.4 MPH)
Pitching: LHP Zane Smith
Batting: LHB Pedro Valdes 0-0: Called Strike
0-1: Ball
1-1: Called Strike
1-2: Fielders Choice at 2nd, 6-4 (Groundball, 6, EV 106.9 MPH)
Bottom of the 6th over - 0 runs, 1 hit, 0 errors, 1 left on base; Brooklyn 1 - Ocean City 5
TOP OF THE 7TH
Brooklyn Cyclones batting - Pitching for Ocean City Blue Crabs : RHP Ariel Prieto
Batting: LHB Greg Blosser 0-0: Ball
1-0: Called Strike
1-1: Ball
2-1: Fly out, F8 (Flyball, 8RS, EV 91.3 MPH)
Batting: RHB Brent Cookson 0-0: Ball
1-0: Ball
2-0: Swinging Strike
2-1: Ball
3-1: Base on Balls
Batting: RHB Pedro Castellano 0-0: Called Strike
0-1: Ball
1-1: Ball
2-1: Foul Ball, location: 2F
2-2: SINGLE (Groundball, 56D, EV 101.9 MPH)
Brent Cookson to second
Batting: RHB Mike R. Fitzgerald 0-0: Ball
1-0: Ball
2-0: Called Strike
2-1: Ball
3-1: Base on Balls
Brent Cookson to third
Pedro Castellano to second
Batting: RHB Alan Cockrell 0-0: Ball
1-0: Ball
2-0: Foul Ball, location: 2F
2-1: Swinging Strike
2-2: Ball
3-2: Base on Balls
Brent Cookson scores
Pedro Castellano to third
Mike R. Fitzgerald to second
Batting: RHB Onix Concepcion 0-0: Called Strike
0-1: Ball
1-1: Fly out, F7 (Line Drive, 7, EV 88.8 MPH)
Runner from 3rd tags up, SCORES, no throw by LF
Batting: LHB Ray Giannelli 0-0: Fly out, F7 (Flyball, 78S, EV 88.1 MPH)
Top of the 7th over - 2 runs, 1 hit, 0 errors, 2 left on base; Brooklyn 3 - Ocean City 5
BOTTOM OF THE 7TH
Ocean City Blue Crabs batting - Pitching for Brooklyn Cyclones : LHP Zane Smith
Batting: RHB Manny Alexander 0-0: Ball
1-0: Called Strike
1-1: Swinging Strike
1-2: Strikes out swinging wild pitch, reaches first!
Batting: RHB Jarvis Brown 0-0: Ball
1-0: Ball
2-0: Called Strike
2-1: Foul Ball, location: 2F
2-2: Strikes out swinging
Batting: RHB Pat F. Kelly 0-0: SINGLE (Groundball, 56D, EV 95.6 MPH)
Manny Alexander to second
Batting: SHB Junior Felix 0-0: Called Strike
0-1: Foul Ball, location: 2F
0-2: Foul Ball, location: 2F
0-2: Ball
1-2: Foul Ball, location: 2F
1-2: Ball
2-2: Ball
3-2: SINGLE (Groundball, 13, EV 65.6 MPH) (infield hit)
Manny Alexander to third
Pat F. Kelly to second
Batting: LHB Don Mattingly 0-0: Ball
1-0: Foul Ball, location: 2F
1-1: SINGLE (Groundball, 34D, EV 102.5 MPH)
Manny Alexander scores
Pat F. Kelly to third
Junior Felix to second
Runner from 3rd tries for Home, SAFE, no throw by RF
Batting: LHB Curtis Pride 0-0: Called Strike
0-1: Ball
1-1: Ball
Wild Pitch!
Junior Felix to third
Don Mattingly to second
2-1: Reached on error, E6 (Groundball, 6, EV 91.3 MPH)
Junior Felix scores
Don Mattingly to third
Batting: RHB Scott Leius 0-0: Ball
1-0: Foul Ball, location: 2F
1-1: Ball
2-1: Ball
3-1: Called Strike
3-2: Fly out, F9 (Flyball, 9, EV 86.9 MPH)
Batting: RHB Einar Diaz 0-0: Ball
1-0: Called Strike
1-1: Ground out 4-3 (Groundball, 4S, EV 81.9 MPH)
Bottom of the 7th over - 3 runs, 3 hits, 1 error, 2 left on base; Brooklyn 3 - Ocean City 8
TOP OF THE 8TH
Brooklyn Cyclones batting - Pitching for Ocean City Blue Crabs : RHP Ariel Prieto
Batting: RHB Jed Hansen 0-0: Foul Ball, location: 2F
0-1: Fly out, F8 (Flyball, 8RXD, EV 88.8 MPH)
Batting: SHB Turner Ward 0-0: Ball
1-0: Ball
2-0: Fly out, F7 (Flyball, 7, EV 93.8 MPH)
Batting: LHB Greg Blosser 0-0: Called Strike
0-1: Swinging Strike
0-2: Foul Ball, location: 2F
0-2: Foul Ball, location: 2F
0-2: Ball
1-2: Foul Ball, location: 2F
1-2: SOLO HOME RUN (Flyball, 7D, EV 108.1 MPH), Distance : 350 ft
Batting: RHB Brent Cookson 0-0: Ball
1-0: Ball
2-0: Called Strike
2-1: Ball
3-1: Base on Balls
Batting: RHB Pedro Castellano 0-0: Swinging Strike
0-1: Ball
1-1: Foul Ball, location: 2F
1-2: Ball
2-2: 2-RUN HOME RUN (Line Drive, 7D, EV 96.9 MPH), Distance : 381 ft
Pitching: RHP Ramon Morel
Batting: RHB Mike R. Fitzgerald 0-0: Ball
1-0: Foul Ball, location: 2F
1-1: Ball
2-1: Foul Ball, location: 2F
2-2: Foul Ball, location: 2F
2-2: Strikes out swinging
Top of the 8th over - 3 runs, 2 hits, 0 errors, 0 left on base; Brooklyn 6 - Ocean City 8
BOTTOM OF THE 8TH
Ocean City Blue Crabs batting - Pitching for Brooklyn Cyclones : LHP Zane Smith
Pitching: RHP Steve Reed
Batting: LHB Pedro Valdes 0-0: Ball
1-0: Called Strike
1-1: Ball
2-1: Called Strike
2-2: Ball
3-2: SOLO HOME RUN (Flyball, 7LD, EV 96.9 MPH), Distance : 343 ft
Batting: RHB Manny Alexander 0-0: Ball
1-0: Ball
2-0: Called Strike
2-1: Foul Ball, location: 2F
2-2: SINGLE (Line Drive, 34D, EV 107.5 MPH)
Batting: RHB Jarvis Brown 0-0: Foul Ball, location: 2F
0-1: Called Strike
0-2: Strikes out swinging
Batting: RHB Pat F. Kelly 0-0: Called Strike
0-1: Swinging Strike
0-2: Foul Ball, location: 2F
0-2: Ball
Manny Alexander is caught stealing 2nd base 2-4
1-2: Ball
2-2: Foul Ball, location: 2F
2-2: Foul Ball, location: 2F
2-2: Foul Ball, location: 2F
2-2: SINGLE (Line Drive, 7S, EV 105.0 MPH)
Batting: SHB Junior Felix 0-0: Ball
1-0: Ball
2-0: Called Strike
2-1: SINGLE (Groundball, 34D, EV 105.0 MPH)
Pat F. Kelly to second
Runner from 2nd tries for 3rd, SAFE, throw by RF made to third
Batting: LHB Don Mattingly 0-0: Ball
1-0: Called Strike
1-1: Ball
2-1: Foul Ball, location: 2F
2-2: SINGLE (Groundball, 4MD, EV 99.4 MPH)
Pat F. Kelly scores
Junior Felix to second
Runner from 2nd tries for 3rd, SAFE, throw by CF made to third
Pitching: RHP Darren Dreifort
Batting: LHB Curtis Pride 0-0: Swinging Strike
0-1: Foul Ball, location: 2F
0-2: Ball
1-2: Foul Ball, location: 2F
1-2: Strikes out swinging
Bottom of the 8th over - 2 runs, 5 hits, 0 errors, 2 left on base; Brooklyn 6 - Ocean City 10
TOP OF THE 9TH
Brooklyn Cyclones batting - Pitching for Ocean City Blue Crabs : RHP Ramon Morel
Batting: RHB Alan Cockrell 0-0: Swinging Strike
0-1: Ball
1-1: Foul Ball, location: 2F
1-2: Ball
2-2: Strikes out swinging
Batting: RHB Onix Concepcion 0-0: Fly out, F8 (Flyball, 8LM, EV 88.8 MPH)
Batting: LHB Ray Giannelli 0-0: Ball
1-0: Ball
2-0: Foul Ball, location: 2F
2-1: DOUBLE (Line Drive, 89M, EV 98.8 MPH)
Batting: RHB Jed Hansen 0-0: Swinging Strike
0-1: Ball
1-1: Fly out, F5 (Flyball, 5D, EV 89.4 MPH)
Top of the 9th over - 0 runs, 1 hit, 0 errors, 1 left on base; Brooklyn 6 - Ocean City 10
Tuesday, March 3rd, 2026 - OOTP Baseball 20.8 Build 74